 Dungeon Crawl Stone Soup version 0.29.1-2-gbd0b4ee654 (webtiles) character file.

Game seed: 11599591344900299825

58 Icepheonix32 the Grave Robber (level 3, 0/28 HPs)
             Began as a Deep Elf Necromancer on Oct 31, 2022.
             Succumbed to an adder's poison
             ... on level 3 of the Dungeon.
             The game lasted 00:01:49 (2095 turns).

Icepheonix32 the Grave Robber (DENe)                Turns: 2095, Time: 00:01:50

Health: 0/28       AC:  4    Str:  7    XL:     3   Next: 75%
Magic:  8/9        EV: 12    Int: 19    God:
Gold:   101        SH:  0    Dex: 15    Spells: 7/8 levels left

rFire   . . .      SeeInvis .   o - +0 rapier
rCold   . . .      Faith    .   (no shield)
rNeg    . . .      Spirit   .   a - +0 robe
rPois   .          Reflect  .   f - +0 helmet
rElec   .          Harm     .   (no cloak)
rCorr   .          Rampage  .   (no gloves)
Will    .....                   n - +0 pair of boots
Stlth   ..........              (no amulet)
HPRegen 0.09/turn               (no ring)
MPRegen 0.11/turn               (no ring)

@: berserking (expiring), lethally poisoned (0 -> -2), very quick
A: no striking features
a: no special abilities


You were on level 3 of the Dungeon.
You visited 1 branch of the dungeon, and saw 3 of its levels.

You collected 101 gold pieces.

Inventory:

Hand Weapons
 d - a +0 dagger
 o - a +0 rapier (weapon)
Armour
 a - a +0 robe (worn)
 f - a +0 helmet (worn)
 n - a +0 pair of boots (worn)
Scrolls
 i - a scroll of vulnerability {unknown}
 j - a scroll of immolation {unknown}
 k - a scroll of identify {unknown}
 l - a scroll of blinking {unknown}
Potions
 b - a potion of magic
 c - a potion of brilliance {unknown}
 e - 2 potions of berserk rage
 g - 2 potions of cancellation {unknown}
 h - a potion of might {unknown}
 m - a potion of lignification {unknown}


   Skills:
 - Level 2.4 Dodging
 - Level 2.4 Stealth
 - Level 3.0 Spellcasting
 + Level 6.6 Necromancy


You had 7 spell levels left.
You knew the following spells:

 Your Spells              Type           Power      Damage    Failure   Level
a - Necrotise             Necr           100%       1d9       1%          1

Your spell library contained the following spells:

 Spells                   Type           Power      Damage    Failure   Level
 Vampiric Draining        Necr           28%        2d8       3%          3
 Animate Dead             Necr           28%        N/A       10%         4
 Agony                    Necr           28%        N/A       28%         5
 Ozocubu's Armour         Ice            2%         N/A       41%         3
 Ozocubu's Refrigeration  Ice            1%         4d7       100%        7


Dungeon Overview and Level Annotations

Branches:
Dungeon (3/15)

Altars:


Message History

You are too injured to fight recklessly!
You are too injured to fight recklessly!
Unknown command.
Casting: Necrotise (safe; 1% risk of failure)
Confirm with . or Enter, or press ? or * to list all spells.
Aiming: Necrotise (safe; 1% risk of failure)
Press: ? - help, Shift-Dir - straight line, f - adder
Aim: an adder (severely wounded, chance to affect: 88%)
The adder writhes in agony.
* * * LOW HITPOINT WARNING * * *
You feel very sick. The adder misses you. The adder barely misses you.
It was a potion of berserk rage.
A red film seems to cover your vision as you go berserk!
You feel yourself moving faster!
You feel mighty!
* * * LOW HITPOINT WARNING * * *
You feel sick. The adder closely misses you.
You closely miss the adder.
The adder is almost dead.
* * * LOW HITPOINT WARNING * * *
You feel sick. The adder misses you.
Unknown command.
You miss the adder.
The adder is almost dead.
* * * LOW HITPOINT WARNING * * *
You feel sick. The adder closely misses you.
Unknown command.
You miss the adder.
The adder is almost dead.
The adder misses you.
Unknown command.
You puncture the adder!
You kill the adder!
* * * LOW HITPOINT WARNING * * *
You feel sick.
Unknown command.
* * * LOW HITPOINT WARNING * * *
You feel sick.
You feel a strong urge to attack something.
You die...

####.## #. ##.......
#. #........
##.##........ ..
..^.........
..###..........
...............
.......@.......
...............
...............
.#..........<#.
......#.##.....
........# .....
........## .... .
.........#####......
......................


There were no monsters in sight!

Vanquished Creatures
  2 adders
  A dart slug (D:2)
  7 bats
  3 endoplasms (D:2)
  2 giant cockroaches
  4 goblins
  A hobgoblin (D:2)
  4 quokkas
  4 ball pythons
  3 frilled lizards
  4 kobolds (D:1)
35 creatures vanquished.

Notes
Turn   | Place    | Note
-------+----------+-------------------------------------------
     0 | D:1      | Icepheonix32 the Deep Elf Necromancer began the quest for
                  | the Orb.
     0 | D:1      | Reached XP level 1. HP: 10/10 MP: 6/6
    40 | D:1      | Reached skill level 5 in Necromancy
   180 | D:1      | Reached XP level 2. HP: 15/15 MP: 2/8
   954 | D:2      | Reached skill level 6 in Necromancy
   954 | D:2      | Reached XP level 3. HP: 10/19 MP: 5/9
  1954 | D:3      | Found a faded altar of an unknown god.
  2093 | D:3      | HP: 1/28 [poisoned by an adder]
  2095 | D:3      | Succumbed to an adder's poison

Illustrated notes

Levels and vault maps discovered:
D:1:      roderic_crop_circles_arrival_small, layout_basic
D:2:      layout_basic, hangedman_decor_push, grunt_ministairs_9
D:3:      layout_basic, dreamdust_ecumenical_altar_grove

Skill      XL: |  1  2 |
---------------+-------+-----
Necromancy     | 5 6 |  6.6
Dodging        | |  2.4
Stealth        | |  2.4
Spellcasting   | |  3.0

Action                   || total
-------------------------++-------
Melee: Dagger            ||    20
       Rapier            ||    15
       Punch             ||     1
 Cast: Necrotise         ||    51
  Use: Potion            ||     1
Armor: Robe              ||    10
Dodge: Dodged            ||    35
